AoeStats
← El lale8222

Nomad

507909937Analyzed
3v3 RM · 13d ago on Sep 20, 2026· 53m 9s· 6 players
Game mode
Random Map
Map size
210×210
Population
200
Speed
Normal
Resources
Standard
Victory
Conquest
Starting age
Dark Age
Ending age
Imperial Age
RankedLock teamsTeams togetherTeam positionsShared explorationLock speedFull tech treeHidden civsTurbo modeCheats
Victory
Defeat
🇨🇱 Mapuche · Chile
1124
+13
🇨🇱 Britons · Chile
1103
+14
🇲🇽 Japanese · Mexico
1089
+15
🇲🇽 Teutons · Mexico
1094
-15
🇲🇽 Saracens · Mexico
1061
-14
🇲🇽 Wei · Mexico
1045
-13
thePLAYERman291
5:41 Loom
8:56 Loom
16:05 Feudal Age
16:59 Double-Bit Axe
16:57 Horse Collar
20:35 Castle Age
19:42 Bloodlines
19:43 Forging
19:40 Scale Barding Armor
19:25 Horse Collar
21:31 Wheelbarrow
21:44 Heavy Plow
21:58 Bow Saw
22:49 Hand Cart
26:20 Town Watch
29:49 Iron Casting
30:13 Town Patrol
30:58 Chain Barding Armor
30:30 Fletching
30:40 Padded Archer Armor
30:44 Gold Mining
30:44 Stone Mining
31:49 Ballistics
31:08 Elite Skirmisher
33:22 Stone Shaft Mining
32:58 Bodkin Arrow
33:18 Leather Archer Armor
36:44 Imperial Age
38:17 Ring Archer Armor
38:23 Plate Barding Armor
38:49 Blast Furnace
38:52 Chemistry
38:28 Siege Engineers
38:34 Masonry
38:10 Cavalier
45:40 Conscription
46:05 Scale Mail Armor
El lale8222
6:17 Loom
14:09 Feudal Age
15:09 Double-Bit Axe
15:51 Horse Collar
19:44 Castle Age
21:39 Bow Saw
23:11 Wheelbarrow
25:16 Bloodlines
28:26 Forging
33:02 Imperial Age
30:55 Husbandry
31:25 Hand Cart
31:40 Scale Barding Armor
32:09 Gold Mining
32:22 Town Watch
33:14 Heavy Plow
33:27 Elite Skirmisher
38:05 Ballistics
37:27 Treadmill Crane
37:53 Fletching
38:04 Padded Archer Armor
40:11 Chemistry
40:29 Bodkin Arrow
MiguelPro2180
4:50 Loom
13:45 Feudal Age
14:35 Double-Bit Axe
16:17 Fishing Lines
20:31 Castle Age
19:52 Horse Collar
22:12 Wheelbarrow
22:28 Fletching
23:55 Scale Barding Armor
24:12 Hand Cart
25:44 Forging
27:18 Gold Mining
28:56 Bow Saw
29:21 Tuntian
31:05 Gold Shaft Mining
31:19 Stone Mining
33:34 Chain Barding Armor
33:11 Bodkin Arrow
34:17 Thumb Ring
39:38 Imperial Age
37:14 Padded Archer Armor
37:39 Ballistics
37:54 Gillnets
39:20 Leather Archer Armor
39:15 Elite Skirmisher
41:07 Ming Guang Armor
43:14 Chemistry
42:46 Medium Warships
43:27 Ming Guang Armor
43:32 Bracer
45:00 Stone Shaft Mining
47:56 Parthian Tactics
51:21 Ring Archer Armor
Sprunger
10:39 Loom
14:24 Feudal Age
14:53 Double-Bit Axe
15:02 Gold Mining
16:31 Horse Collar
20:25 Castle Age
19:39 Fishing Lines
20:45 Stone Mining
22:33 Medium Warships
26:04 Scale Mail Armor
25:26 Pikeman
29:22 Imperial Age
29:19 Squires
29:49 Gambesons
30:33 Halberdier
31:56 Town Watch
32:47 Wheelbarrow
33:15 Forging
34:01 Conscription
34:57 Chain Mail Armor
37:27 Plate Mail Armor
38:44 Iron Casting
39:18 Elite Skirmisher
39:50 Fletching
41:35 Thumb Ring
42:47 Bodkin Arrow
43:54 Blast Furnace
43:50 Bodkin Arrow
44:47 Padded Archer Armor
45:14 Yasama
46:19 Chemistry
45:40 Ballistics
46:12 Bracer
46:27 Leather Archer Armor
46:27 Guard Tower
46:23 Arrowslits
48:18 Ring Archer Armor
diego02041989
13:28 Loom
17:01 Feudal Age
17:31 Double-Bit Axe
17:29 Fishing Lines
23:03 Castle Age
22:48 Wheelbarrow
22:10 Fletching
22:20 Padded Archer Armor
23:55 Medium Warships
23:36 Gillnets
23:44 Bodkin Arrow
24:04 Leather Archer Armor
25:27 Ballistics
26:24 Hand Cart
26:58 Crossbowman
27:55 Bow Saw
32:33 Stone Mining
32:35 Gold Mining
35:19 Imperial Age
34:00 Gold Shaft Mining
33:26 Murder Holes
35:24 Arbalester
37:16 Chemistry
38:46 Conscription
48:15 Bracer
48:45 Ring Archer Armor
Paquesito
5:36 Loom
15:12 Feudal Age
18:05 Fishing Lines
22:18 Castle Age
20:10 Double-Bit Axe
20:19 Gold Mining
19:51 Champi Runner
21:41 Fletching
22:09 Forging
21:59 Scale Mail Armor
23:39 Bodkin Arrow
23:39 Gillnets
23:36 Pikeman
27:25 Arson
29:44 Chain Mail Armor
30:04 Iron Casting
30:26 Champi Warrior
32:51 Iron Casting
36:36 Wheelbarrow
35:42 Horse Collar
40:11 Imperial Age
39:58 Caravan
41:11 Conscription
40:29 Halberdier
41:50 Elite Champi Warrior
42:18 Capped Ram
45:22 Blast Furnace
46:43 Plate Mail Armor
48:17 Hand Cart
50:50 Elite Kona
52:11 Bow Saw
52:07 Heavy Plow
52:42 Gold Shaft Mining
51:57 Stone Mining
Connection lost

Rejoining the realm…

Still unreachable

The connection could not be restored.

Session expired

The server has moved on; the page needs a fresh start.